 Dungeon Crawl Stone Soup version 0.23.0-28-g6fe0f4d (webtiles) character file.

Game seed: 16094226672078328024

2172 Borgoz the Ruffian (level 9, -10/73 HPs)
             Began as a Ghoul Warper on Feb 25, 2019.
             Mangled by a cyclops (18 damage)
             ... on level 8 of the Dungeon.
             The game lasted 00:18:54 (6128 turns).

Borgoz the Ruffian (Ghoul Warper)                   Turns: 6128, Time: 00:18:55

Health: -10/73     AC:  7    Str: 15      XL:     9   Next: 32%
Magic:  13/13      EV: 13    Int:  8 (9)  God:
Gold:   328        SH:  0    Dex:  8 (10) Spells: 13/15 levels left

rFire    + . .     SeeInvis .     - Unarmed
rCold    + . .     Gourm    .   (no shield)
rNeg     + + +     Faith    .   x - +1 leather armour {rF+}
rPois    ∞         Spirit   .   (no helmet)
rElec    .         Reflect  .   (no cloak)
rCorr    .         Harm     .   (no gloves)
MR       .....                  v - +2 pair of boots
Stlth    ++........             q - amulet of the acrobat
HPRegen  0.00/turn              b - ring of flight
MPRegen  0.13/turn              n - ring of wizardry

@: rotting
A: rotting body, claws 1, carnivore, cold resistance 1, negative energy
resistance 3, inhibited regeneration, torment resistance, unbreathing
a: Evoke Flight


You were on level 8 of the Dungeon.
You were not hungry.

You visited 2 branches of the dungeon, and saw 10 of its levels.

You collected 328 gold pieces.

Inventory:

Missiles
 d - 5 tomahawks of dispersal (quivered)
 m - 5 steel tomahawks
 u - an exploding tomahawk
Armour
 v - a +2 pair of boots (worn)
 x - a +1 leather armour of fire resistance (worn)
Jewellery
 b - a ring of flight (left claw)
 n - a ring of wizardry (right claw)
 q - an amulet of the acrobat (around neck)
Wands
 l - a wand of flame (22)
 r - a wand of random effects (24)
 t - a wand of scattershot (4)
Scrolls
 a - 2 scrolls of remove curse
 c - a scroll of blinking
 e - 3 scrolls of teleportation
 h - 2 scrolls of enchant armour
 o - a scroll of amnesia
 p - 2 scrolls of fear
Potions
 i - a potion of lignification
 k - 2 potions of flight
 z - a potion of curing
Comestibles
 f - 12 rations


   Skills:
 + Level 4.8 Fighting
 + Level 3.6 Throwing
 + Level 3.5 Armour
 * Level 5.4 Dodging
 + Level 4.5 Stealth
 * Level 6.4 Unarmed Combat
 + Level 3.8 Spellcasting
 - Level 2.6 Translocations


You had 13 spell levels left.
You knew the following spells:

 Your Spells              Type           Power        Failure   Level  Hunger
a - Blink                 Tloc           N/A          8%          2    ###....

Your spell library contained the following spells:

 Spells                   Type           Power        Failure   Level  Hunger
 Shroud of Golubria       Chrm/Tloc      #.........   13%         2    ###....
 Gell's Gravitas          Tloc           #.........   16%         3    ###....
 Lesser Beckoning         Tloc           #.........   16%         3    ###....
 Teleport Other           Tloc           #.......     16%         3    ###....
 Passage of Golubria      Tloc           N/A          43%         4    #####..


Dungeon Overview and Level Annotations

Branches:
Dungeon (9/15)             Temple (1/1) D:7
   Lair: D:8-11         Orc: D:9-12

Altars:
Cheibriados
Dithmenos
Elyvilon
Fedhas
Gozag
Kikubaaqudgha
Makhleb
Nemelex Xobeh
Okawaru
Qazlal
Ru
Sif Muna
Trog
Vehumet
Xom
Yredelemnul
Zin
The Shining One

Annotations:
D:7 Harold


Innate Abilities, Weirdness & Mutations

Your body is rotting away.
You thrive on raw meat.
You are immune to poison.
You have sharp fingernails.
You are carnivorous and can eat meat at any time.
Your flesh is cold resistant. (rC+)
You are immune to negative energy. (rN+++)
You do not regenerate when monsters are visible.
You are immune to unholy pain and torment.
You can survive without breathing.


Message History

Eat a chunk of flesh? (ye/n/q)
You eat the chunk of flesh.
This raw flesh tastes great!
The cyclops hits you!
Okay, then.
You completely miss the cyclops.
The cyclops is severely wounded.
The cyclops hits you!
You scratch the cyclops.
The cyclops is severely wounded.
You claw the cyclops!
The cyclops is severely wounded.
The cyclops hits you!!
* * * LOW HITPOINT WARNING * * *
You feel better.
You scratch the cyclops but do no damage.
The cyclops is severely wounded.
The cyclops closely misses you.
You scratch the cyclops.
The cyclops is severely wounded.
The cyclops hits you!!
You die...

#.#.# #.#.#.##
#(#....#####
#####...#......
.......#C....
#.###..#.#..C#
#........#..#
#.####.###..#
#@>....#
#C.....#
########..#
#<........#
#######...#
#...# #...#
....# .....#


You could see a cyclops.

Vanquished Creatures
  Menkaure (D:7)
  2 ice beasts
  A black bear (D:7)
  2 ogres (D:7)
  2 phantoms
  A centaur (D:5)
  3 bullfrogs
  A scorpion (D:4)
  A jelly (D:7)
  A howler monkey (D:6)
  A centaur zombie (D:6)
  2 crimson imps
  A bullfrog zombie (D:6)
  A hound (D:7)
  7 orc priests
  6 orc wizards
  2 iguanas
  Ijyb (D:3)
  Terence (D:3)
  6 worker ants
  A hound skeleton (D:4)
  9 adders
  2 oozes
  A worm (D:2)
  4 dart slugs
  3 leopard geckos
  28 orcs
  3 bats (D:1)
  6 giant cockroaches
  9 goblins
  9 hobgoblins
  9 jackals
  5 quokkas
  4 ball pythons
  8 frilled lizards
  A giant cockroach zombie (D:5)
  14 kobolds
  3 rats
  A plant (D:2)
163 creatures vanquished.

Notes
Turn   | Place    | Note
-------+----------+-------------------------------------------
     0 | D:1      | Borgoz the Ghoul Warper began the quest for the Orb.
     0 | D:1      | Reached XP level 1. HP: 17/17 MP: 2/2
   179 | D:1      | Reached skill level 1 in Throwing
   179 | D:1      | Reached skill level 1 in Armour
   195 | D:1      | Reached XP level 2. HP: 19/24 MP: 3/3
   265 | D:2      | Noticed a phantom
   614 | D:1      | Reached XP level 3. HP: 21/30 MP: 4/4
  1114 | D:2      | Found a burning altar of Makhleb.
  1179 | D:2      | Learned a level 2 spell: Blink
  1284 | D:2      | Reached skill level 1 in Stealth
  1640 | D:2      | Reached XP level 4. HP: 23/37 MP: 6/6
  1727 | D:2      | Killed a phantom
  1727 | D:2      | Reached skill level 3 in Unarmed Combat
  1727 | D:2      | Reached XP level 5. HP: 31/44 MP: 7/7
  2208 | D:2      | Found an ancient bone altar of Kikubaaqudgha.
  2280 | D:3      | Found a sacrificial altar of Ru.
  2333 | D:3      | Reached XP level 6. HP: 35/51 MP: 8/8
  2734 | D:3      | Noticed Terence
  2752 | D:3      | Killed Terence
  2785 | D:3      | Found a bloodstained altar of Trog.
  2824 | D:3      | Noticed Ijyb
  2829 | D:3      | Paralysed by Ijyb for 4 turns
  2844 | D:3      | Paralysed by Ijyb for 5 turns
  2865 | D:3      | Killed Ijyb
  2905 | D:3      | Found an opulent altar of Gozag.
  2923 | D:3      | Reached skill level 4 in Unarmed Combat
  3288 | D:4      | Reached XP level 7. HP: 51/57 MP: 10/10
  3684 | D:5      | Entered Level 5 of the Dungeon
  3704 | D:5      | Reached XP level 8. HP: 50/66 MP: 11/11
  3728 | D:5      | Found a white marble altar of Elyvilon.
  3769 | D:4      | Found a sparkling altar of Nemelex Xobeh.
  3976 | D:4      | Reached skill level 5 in Unarmed Combat
  4583 | D:6      | Found a radiant altar of Vehumet.
  5561 | D:7      | Reached skill level 5 in Dodging
  5565 | D:7      | Reached skill level 6 in Unarmed Combat
  5565 | D:7      | Reached XP level 9. HP: 65/72 MP: 13/13
  5624 | D:7      | Noticed Menkaure
  5637 | D:7      | Killed Menkaure
  5682 | D:7      | Found an iron altar of Okawaru.
  5692 | D:7      | Noticed Harold
  5891 | D:7      | Found a staircase to the Ecumenical Temple.
  5900 | Temple   | Entered the Ecumenical Temple
  6066 | D:8      | Noticed a cyclops
  6125 | D:8      | HP: 3/73 [cyclops (29)]
  6128 | D:8      | Mangled by a cyclops

Skill      XL: |  1  2  3  4  5  6  7  8 |
---------------+-------------------------+-----
Throwing       | 1 2 3 |  3.6
Armour         | 1 2 3 |  3.5
Dodging        | 2 3 4 5 |  5.4
Spellcasting   | 2 3 |  3.8
Stealth        | 1 2 3 4 |  4.5
Unarmed Combat | 3 4 6 |  6.4
Fighting       | 3 4 |  4.8
Translocations | |  2.6

Action                   |  1- 3 |  4- 6 |  7- 9 || total
-------------------------+-------+-------+-------++-------
Melee: Unarmed           |   214 |   272 |   380 ||   866
       Punch             |       |     4 |    12 ||    16
Throw: Throwing net      |       |       |     3 ||     3
 Cast: Blink             |       |     1 |       ||     1
Evoke: Wand              |       |       |     1 ||     1
  Use: Scroll            |     1 |     7 |     5 ||    13
       Potion            |       |       |    11 ||    11
 Stab: Paralysed         |       |     2 |       ||     2
       Sleeping          |       |       |     3 ||     3
  Eat: Chunk             |    18 |    32 |    46 ||    96
Armor: Leather armour    |    28 |       |    34 ||    62
       Ring mail         |    22 |    94 |    51 ||   167
Dodge: Dodged            |   119 |   131 |   215 ||   465
